 Dungeon Sprint DCSS version 0.27.1-34-g3ba077fa99 (webtiles) character file.

Game seed: 8994433882429190202

28471 boopmooplesden the Peltast (level 13, -3/125 HPs)
             Began as a Minotaur Fighter on Jan 26, 2022.
             Was the Champion of Okawaru.
             Killed from afar by a hellephant (21 damage)
             ... with a blast of flame
             ... in the Dungeon (Sprint II: "The Violet Keep of Menkaure").
             The game lasted 00:21:45 (4572 turns).

boopmooplesden the Peltast (Minotaur Fighter)       Turns: 4572, Time: 00:21:45

Health: -3/125     AC: 35    Str: 23    XL:     13   Next: 9%
Magic:  16/16      EV: 13    Int:  3    God:    Okawaru [******]
Gold:   2025       SH: 18    Dex: 13    Spells: 12/12 levels left

rFire    + + .     SeeInvis .   J - +2 demon whip (drain)
rCold    . . .     Faith    .   c - +0 kite shield
rNeg     + . .     Spirit   .   G - +4 plate armour {rF+}
rPois    .         Reflect  .   q - +1 hat {Will+}
rElec    .         Harm     .   D - +0 cloak of the Pleiades {rN+}
rCorr    .         Rampage  +   l - +2 pair of gloves {Stlth+}
Will     +....     Rnd*Rage +   m - +1 pair of boots {rampage} Stlth +.........NoTele +
                                (no amulet)
HPRegen  0.30/turn              (no ring)
MPRegen  0.15/turn              (no ring)

@: heroic, on berserk cooldown, flying, slowed, studying Armour, very slow
A: horns 2, retaliatory headbutt, berserk 1, dopey 1, fire resistance 1, frail 1
a: Renounce Religion, Heroism, Finesse


You were in the Dungeon.
You worshipped Okawaru.
Okawaru was exalted by your worship.
You visited 1 branch You collected 3527 gold pieces.
You spent 1502 gold pieces at shops.

Inventory:

Hand Weapons
 a - a +0 flail
 i - a +0 demon whip of electrocution
 J - a +2 demon whip of draining (weapon)
 K - the +8 glaive "Inwyafa" {vamp, Str+5 Int+2}
   (Okawaru gifted it to you in the Dungeon)

   It occasionally heals its wielder for a portion of the damage dealt when it
   wounds a living foe.
   Str:       It affects your strength (+5).
   Int:       It affects your intelligence (+2).
Missiles
 z - a throwing net (quivered)
Armour
 c - a +0 kite shield (worn)
 l - a +2 pair of gloves of stealth (worn)
 m - a +1 pair of boots of rampaging (worn)
 q - a +1 hat of willpower (worn)
 B - a +1 hat
 D - the +0 cloak of the Pleiades (worn) {rN+}
   (You bought it in a shop in the Dungeon)

   rN:        It protects you from negative energy.
 E - the +0 chain mail of Daewn {Int+6 Dex-3}
   (You bought it in a shop in the Dungeon)

   Int:       It affects your intelligence (+6).
   Dex:       It affects your dexterity (-3).
 G - a +4 plate armour of fire resistance (worn)
Jewellery
 j - the ring "Qugreuc" {rN+ Will+ Int-3 Dex+3}
   (You bought it in a shop in the Dungeon)

   [ring of willpower]

   Int:       It affects your intelligence (-3).
   Dex:       It affects your dexterity (+3).
   rN:        It protects you from negative energy.
   Will:      It increases your willpower.
 k - a ring of positive energy
 I - a ring of flight
 L - a ring of protection from cold
Wands
 d - a wand of charming (12)
 F - a wand of iceblast (5)
Scrolls
 n - a scroll of vulnerability
 r - a scroll of holy word
 x - a scroll of amnesia {unknown}
 y - 2 scrolls of magic mapping {unknown}
 A - 2 scrolls of enchant weapon {unknown}
 H - a scroll of acquirement
Potions
 e - 2 potions of curing
 g - 2 potions of haste
 h - 14 potions of magic
 o - 7 potions of flight
 p - 4 potions of attraction
 s - a potion of experience {unknown}
 t - a potion of berserk rage
 u - a potion of invisibility {unknown}
 v - 2 potions of cancellation {unknown}
 w - a potion of ambrosia {unknown}
 C - 2 potions of brilliance {unknown}
Miscellaneous
 b - a piece from Xom's chessboard (15/15)


   Skills:
 + Level 19.7(24.7) Fighting
 + Level 18.6(23.6) Maces & Flails
 + Level 18.8(23.8) Armour
 + Level 7.6(12.6) Dodging
 + Level 3.7(8.7) Stealth
 + Level 20.0(25.0) Shields
 + Level 5.8 Invocations


You had 12 spell levels left.
You didn't know any spells.
Your spell library contained the following spells:

 Spells                   Type           Power      Damage    Failure   Level
 Sandblast                Erth           0%         2d4       95%         1
 Sting                    Tmut/Pois      0%         1d3       95%         1
 Passwall                 Tmut/Erth      0%         N/A       99%         2
 Slow                     Hex            0%         N/A       99%         2
 Dazzling Flash           Conj/Hex       0%         N/A       100%        3
 Inner Flame              Hex/Fire       0%         N/A       100%        3
 Stone Arrow              Conj/Erth      0%         3d7       100%        3
 Animate Armour           Summ/Erth      0%         N/A       100%        4
 Cause Fear               Hex            0%         N/A       100%        4
 Iskenderun's Mystic Bla  Conj/Tloc      0%         2d3       100%        4
 Lee's Rapid Deconstruct  Erth           0%         3d5*      100%        5
 Summon Forest            Summ/Tloc      0%         N/A       100%        5
 Summon Mana Viper        Hex/Summ       0%         N/A       100%        5
 Eringya's Noxious Bog    Tmut/Pois      0%         N/A       100%        6
 Shadow Creatures         Summ           N/A        N/A       100%        6
 Starburst                Conj/Fire      0%         6d3       100%        6
 Discord                  Hex            0%         N/A       100%        8
 Lehudib's Crystal Spear  Conj/Erth      0%         10d2      100%        8


Dungeon Overview and Level Annotations

Branches:
Dungeon (1/1)

Altars:
Cheibriados
Dithmenos
Elyvilon
Fedhas
Gozag
Hepliaklqana
Kikubaaqudgha
Makhleb
Nemelex Xobeh
Okawaru
Qazlal
Ru
Sif Muna
Trog
Uskayaw
Vehumet
Wu Jian
Xom
Yredelemnul
Zin
The Shining One
Beogh
Jiyva
Lugonu

Shops:
D ?(=::!*!?*[(*(*[:?[*?=!**![*:

Annotations:
D Lernaean hydra, Roxanne


Innate Abilities, Weirdness & Mutations

You have a pair of horns on your head.
You reflexively headbutt those who attack you in melee.
You tend to lose your temper in combat.
You are dopey. (Int -2)
Your flesh is heat resistant. (rF+)
You are frail. (-10% HP)


Message History

You headbutt the hellephant!
The hellephant is heavily wounded.
You closely miss the hellephant.
You headbutt the hellephant, but do no damage.
The hellephant is heavily wounded.
You whack the hellephant! Your headbutt misses the hellephant.
The hellephant is heavily wounded.
The hellephant tramples you!
* * * LOW HITPOINT WARNING * * *
You are shoved backwards!
You whack the hellephant!
The hellephant is heavily wounded.
You whack the hellephant!
The hellephant is severely wounded.
You whack the hellephant! Your headbutt misses the hellephant.
The hellephant is severely wounded.
You block the hellephant's attack. The hellephant bites you!
* * * LOW HITPOINT WARNING * * *
The hellephant gores you.
* * * LOW HITPOINT WARNING * * *
You barely miss the hellephant.
The hellephant is severely wounded.
You whack the hellephant!
The hellephant is severely wounded.
You hit the hellephant but do no damage.
The hellephant is severely wounded.
The hellephant blinks!
You see here a +0 spear.
You feel a strong urge to attack something.
You see here a +0 ring mail.
You feel your anger nearly subside.
You are no longer berserk.
You are exhausted.
You feel yourself slow down.
You rampage towards the hellephant!
You thrash the hellephant!!
The hellephant is almost dead.
The hellephant blinks!
You are no longer firmly anchored in space.
The hellephant breathes flames at you. The blast of flame hits you!!
You resist.
You die...

°# +.°°▓0..▓ # #°○○▓▓▓▓▓▓▓▓▓▓
▓▓▓▓▓▓ #.○.▓≈≈§≈≈≈≈≈▓▓▓.q.^▓ #
#[}▓▓▓▓▓▓▓▓▓▓▓▓'▓▓.▓ #
#°:▓(....(..▓▓.).▓.▓ #
#°[▓(.[..)..▓▓.⌠.▓.▓ ####
+.##.#°=▓.))..[..▓▓...▓^▓ + ...#
.^.####▓(.((....▓▓.$.▓.▓ + #..##
#..##.#▓)@Y.....▓▓...▓.▓ + ##..#
+..#..#▓.(.(..).▓▓.$q▓.▓ + .#..#
#..#..#▓...().[(▓▓.⌠$▓.▓ ▓
.'..####^.##.#▓.)(..(..▓▓...▓§▓ ▓
.#....###...##▓▓▓▓▓▓▓'▓▓▓▓'▓▓§▓▓▓
##.§....≈≈≈≈≈≈≈≈≈≈≈≈≈...≈≈≈▓§§§[§
#≈§.....≈#)########'###.≈≈≈▓§§§§)
≈§≈≈≈≈§.≈#_._.....#≈≈≈##≈≈≈▓[§(§§
≈≈≈≈≈≈≈.≈#._._....#≈≈§§####▓▓▓▓▓§


You could see a hellephant (catching breath).

Vanquished Creatures
  A deep elf blademaster (D)
  A kraken (D)
  Kirke (D)
  Gastronok (D)
  An orc warlord (D)
  A dire elephant (D)
  A great orb of eyes (D)
  A yaktaur captain (D)
  A centaur warrior (D)
  A death yak (D)
  2 hell hogs (D)
  Sonja (D)
  A skeletal warrior (D)
  3 sixfirhies (D)
  A glowing orange brain (D)
  An obsidian statue (D)
  A harpy (D)
  3 orc sorcerers (D)
  3 shining eyes (D)
  An oklob plant (D)
  An elephant (D)
  2 toenail golems (D)
  An eye of devastation (D)
  A merfolk siren (D)
  A kobold demonologist (D)
  A yaktaur (D)
  5 polar bears (D)
  A hornet (D)
  18 flying skulls (D)
  3 yaks (D)
  5 wyverns (D)
  A vampire mosquito (D)
  Menkaure (D)
  4 water moccasins (D)
  3 black bears (D)
  5 necrophages (D)
  4 scorpions (D)
  9 electric eels (D)
  A jelly (D)
  4 lava snakes (D)
  An iron imp (D)
  9 tentacles (D)
108 creatures vanquished.

Vanquished Creatures (others)
  A water moccasin (D)
  17 tentacles (D)
18 creatures vanquished.

Grand Total: 126 creatures vanquished

Notes
Turn   | Place    | Note
-------+----------+-------------------------------------------
     0 | D        | boopmooplesden the Minotaur Fighter began the quest for the
                  | Orb.
     0 | D        | Reached XP level 1. HP: 19/19 MP: 0/0
     1 | D        | Noticed a wyvern
     1 | D        | Noticed a wyvern
     5 | D        | Noticed a merfolk siren
    11 | D        | Killed a merfolk siren
    12 | D        | Reached skill level 5 in Maces & Flails
    12 | D        | Reached skill level 9 in Shields
    12 | D        | Reached XP level 2. HP: 37/37 MP: 1/1
    12 | D        | Reached XP level 3. HP: 42/42 MP: 2/2
    12 | D        | Reached XP level 4. HP: 50/50 MP: 3/3
    12 | D        | Reached XP level 5. HP: 57/57 MP: 4/4
    12 | D        | Reached XP level 6. HP: 63/63 MP: 5/5
    31 | D        | Reached skill level 10 in Fighting
    31 | D        | Reached skill level 10 in Armour
    37 | D        | Reached skill level 10 in Shields
    39 | D        | Reached XP level 7. HP: 44/73 MP: 6/6
    71 | D        | Noticed Menkaure
    80 | D        | Killed Menkaure
   254 | D        | Killed a wyvern
   257 | D        | Killed a wyvern
   258 | D        | Reached skill level 11 in Shields
   516 | D        | Reached XP level 8. HP: 80/83 MP: 7/7
   523 | D        | Reached skill level 1 in Dodging
   529 | D        | Found Negium's Distillery.
   529 | D        | Found Ituzojiw's General Store.
   529 | D        | Found Gitzol's Jewellery Shoppe.
   530 | D        | Found Werrygyj's Antique Armour Shoppe.
   530 | D        | Found Ymuejygh's Antique Armour Emporium.
   530 | D        | Found Diur Yru's Assorted Antiques.
   530 | D        | Found Zorghenn's Distillery.
   531 | D        | Found Puedim's Armour Shoppe.
   532 | D        | Found Deme's Assorted Antiques.
   532 | D        | Found Keyrphum's Antique Weapon Emporium.
   563 | D        | Noticed a death yak
   564 | D        | Found Kadutsyt's Magic Scroll Emporium.
   564 | D        | Found Faxtoboj's Distillery.
   564 | D        | Noticed an oklob plant
   565 | D        | Found Cyrrefol's Book Shoppe.
   565 | D        | Found Kilenn's Jewellery Emporium.
   565 | D        | Found Vomul's Book Shoppe.
   578 | D        | Reached skill level 12 in Shields
   768 | D        | Bought a glowing demon whip for 450 gold pieces
   817 | D        | Bought a glowing chain mail for 195 gold pieces
   817 | D        | Bought a pair of runed gloves for 195 gold pieces
   888 | D        | Found an iron altar of Okawaru.
   888 | D        | Found a radiant altar of Vehumet.
   888 | D        | Found a glowing silver altar of Zin.
   889 | D        | Found a sparkling altar of Nemelex Xobeh.
   889 | D        | Found a hide-covered altar of Uskayaw.
   889 | D        | Found a basalt altar of Yredelemnul.
   890 | D        | Found an opulent altar of Gozag.
   890 | D        | Found a burning altar of Makhleb.
   890 | D        | Found a bloodstained altar of Trog.
   891 | D        | Found a blossoming altar of Fedhas.
   891 | D        | Found a corrupted altar of Lugonu.
   891 | D        | Found a shimmering blue altar of Sif Muna.
   892 | D        | Found a white marble altar of Elyvilon.
   892 | D        | Found an ancient bone altar of Kikubaaqudgha.
   893 | D        | Found a shadowy altar of Dithmenos.
   893 | D        | Found a viscous altar of Jiyva.
   894 | D        | Found a snail-covered altar of Cheibriados.
   896 | D        | Found a shimmering altar of Xom.
   896 | D        | Found a sacrificial altar of Ru.
   896 | D        | Found a hazy altar of Hepliaklqana.
   896 | D        | Noticed a hornet
   896 | D        | Noticed a polar bear
   896 | D        | Noticed a polar bear
   897 | D        | Found a glowing golden altar of the Shining One.
   897 | D        | Found an ornate altar of the Wu Jian Council.
   897 | D        | Found a stormy altar of Qazlal.
   897 | D        | Noticed a yaktaur
   898 | D        | Noticed a polar bear
   899 | D        | Became a worshipper of Warmaster Okawaru
   904 | D        | Killed a polar bear
   908 | D        | Killed a hornet
   908 | D        | Reached * piety under Okawaru
   909 | D        | Reached skill level 10 in Maces & Flails
   909 | D        | Reached skill level 1 in Stealth
   917 | D        | Killed a polar bear
   918 | D        | Reached XP level 9. HP: 73/92 MP: 8/8
   922 | D        | Killed a polar bear
   923 | D        | Reached skill level 13 in Shields
   927 | D        | Killed a yaktaur
   927 | D        | Reached ** piety under Okawaru
   938 | D        | Noticed a kraken
  1343 | D        | HP: 3/93 [water moccasin (3)]
  1344 | D        | HP: 1/93 [poisoned by a water moccasin]
  1714 | D        | Identified Roxanne's Incunabulum of the Rocks
  1714 | D        | Noticed Roxanne
  1800 | D        | Reached *** piety under Okawaru
  1808 | D        | Reached skill level 14 in Shields
  1838 | D        | Reached XP level 10. HP: 37/102 MP: 9/9
  1842 | D        | Reached skill level 1 in Invocations
  1846 | D        | Reached **** piety under Okawaru
  2211 | D        | Noticed Kirke
  2211 | D        | Noticed a skeletal warrior
  2211 | D        | Noticed a yaktaur captain
  2232 | D        | Killed Kirke
  2232 | D        | Reached ***** piety under Okawaru
  2233 | D        | Reached skill level 15 in Shields
  2233 | D        | Noticed an elephant
  2240 | D        | Killed a skeletal warrior
  2241 | D        | Reached skill level 15 in Fighting
  2245 | D        | Killed an elephant
  2246 | D        | Noticed a shining eye
  2248 | D        | Noticed a centaur warrior
  2259 | D        | Killed a centaur warrior
  2259 | D        | Received a gift from Okawaru
  2260 | D        | Reached skill level 15 in Armour
  2260 | D        | Reached skill level 5 in Dodging
  2260 | D        | Reached skill level 16 in Shields
  2260 | D        | Reached XP level 11. HP: 107/112 MP: 9/11
  2260 | D        | Gained mutation: You tend to lose your temper in combat. [a
                  | shining eye]
  2264 | D        | Killed a shining eye
  2275 | D        | Killed a yaktaur captain
  2276 | D        | Reached skill level 15 in Maces & Flails
  2285 | D        | Noticed a shining eye
  2324 | D        | Gained mutation: Your flesh is heat resistant. (rF+) [a
                  | shining eye]
  2327 | D        | Gained mutation: You are dopey. (Int -2) [a shining eye]
  2329 | D        | Killed a shining eye
  2477 | D        | Noticed a shining eye
  2530 | D        | Noticed a hell hog
  2530 | D        | Noticed a hell hog
  2545 | D        | Killed a hell hog
  2550 | D        | Killed a hell hog
  2551 | D        | Reached skill level 17 in Shields
  2582 | D        | Found Kuidghem's Magic Scroll Emporium.
  2582 | D        | Found Itugrote's Antique Weapon Shop.
  2583 | D        | Found Ywnigupn's Distillery.
  2583 | D        | Found Zub Yzuev's Assorted Antiques.
  2583 | D        | Found Faoblips's Weapon Boutique.
  2583 | D        | Found Bipativi's Book Emporium.
  2583 | D        | Found Hibb's General Store.
  2583 | D        | Found Ozeawos's General Store.
  2583 | D        | Found Zatrugeh's Antique Armour Boutique.
  2583 | D        | Found Uxucoem's Assorted Antiques.
  2583 | D        | Found Kenid's Magic Scroll Shop.
  2583 | D        | Found Cyequ's Magic Scroll Shoppe.
  2593 | D        | Bought a translucent cloak for 266 gold pieces
  2593 | D        | Identified the +0 cloak of the Pleiades {rN+} (You bought
                  | it in a shop in the Dungeon)
  2593 | D        | Bought an ichor-stained chain mail for 266 gold pieces
  2593 | D        | Identified the +0 chain mail of Daewn {Int+6 Dex-3} (You
                  | bought it in a shop in the Dungeon)
  2653 | D        | Gained mutation: You are frail. (-10% HP) [a shining eye]
  2657 | D        | Killed a shining eye
  2684 | D        | Noticed an obsidian statue
  2686 | D        | Noticed a great orb of eyes
  2688 | D        | Noticed an orc warlord
  2696 | D        | Killed an obsidian statue
  2700 | D        | Noticed the 27-headed Lernaean hydra
  2715 | D        | Killed a great orb of eyes
  2745 | D        | Killed a death yak
  2760 | D        | Killed an oklob plant
  2804 | D        | Killed an orc warlord
  2804 | D        | Reached ****** piety under Okawaru
  2805 | D        | Reached skill level 18 in Shields
  2805 | D        | Reached XP level 12. HP: 52/112 MP: 12/14
  3275 | D        | Identified a scroll of acquirement
  3275 | D        | Acquired 674 gold pieces
  3294 | D        | HP: 5/112 [Roxanne/crystal spear (53)]
  3295 | D        | Found Ofotz's Assorted Antiques.
  3651 | D        | Killed a kraken
  3702 | D        | Found Seshreluh's Book Shoppe.
  3704 | D        | Identified the ring "Kiwk" {rF+ Will- EV+4 Int+7 Slay-4}
  3873 | D        | Bought a warped silver ring for 130 gold pieces
  3873 | D        | Identified the ring "Qugreuc" {rN+ Will+ Int-3 Dex+3} (You
                  | bought it in a shop in the Dungeon)
  3922 | D        | Reached skill level 5 in Invocations
  3924 | D        | Noticed Gastronok
  3934 | D        | Killed Gastronok
  3935 | D        | Reached skill level 19 in Shields
  4011 | D        | Noticed a dire elephant
  4018 | D        | Killed a dire elephant
  4024 | D        | Identified the +8 glaive "Inwyafa" {vamp, Str+5 Int+2}
                  | (Okawaru gifted it to you in the Dungeon)
  4024 | D        | Received a gift from Okawaru
  4068 | D        | Got the Guide on the Noxious Oath
  4421 | D        | Noticed a deep elf blademaster
  4431 | D        | Killed a deep elf blademaster
  4434 | D        | Received a gift from Okawaru
  4444 | D        | Reached XP level 13. HP: 124/124 MP: 14/16
  4513 | D        | Noticed a hellephant
  4513 | D        | Noticed a yellow draconian shifter
  4513 | D        | Noticed Sonja
  4528 | D        | Killed Sonja
  4529 | D        | Reached skill level 20 in Shields
  4572 | D        | Killed from afar by a hellephant

Illustrated notes

Levels and vault maps discovered:
D:        the_violet_keep_of_menkaure [sprint2_stairs_cluster_1,
          sprint2_shoproom, sprint2_temple, sprint2_basic_supplies,
          sprint2_obstacle_6, sprint2_obstacle_5, sprint2_obstacle_1,
          sprint2_obstacle_3, sprint2_obstacle_7, sprint2_timed_cluster_1,
          sprint2_smallroom_cluster_1, sprint2_smallroom_final_cluster_1,
          sprint2_transparent_cluster_1, sprint2_second_timed_cluster_1,
          sprint2_sniper_area_1, sprint2_heavy_combat_area_1,
          sprint2_mutation_trap_area_1, sprint2_forest_area_1,
          sprint2_light_combat_area_1, sprint2_behind_water_1,
          sprint2_near_end_vault_1]

Skill      XL: |  1  2  3  4  5  6  7  8  9 10 11 12 13 |
---------------+----------------------------------------+-----
Fighting       | 9 10 11 12 13 15 17 19 | 19.7
Maces & Flails | 5 6 8 10 12 14 17 18 | 18.6
Armour         | 9 10 11 12 13 15 16 18 | 18.8
Shields        | 9 10 11 12 14 16 18 19 20 | 20.0
Dodging        | 2 4 5 6 7 |  7.6
Stealth        | 1 2 3 |  3.7
Invocations    | 2 4 5 |  5.8

Action                   |  1- 3 |  4- 6 |  7- 9 | 10-12 | 13-15 || total
-------------------------+-------+-------+-------+-------+-------++-------
Melee: Flail             |     4 |    14 |    59 |       |       ||    77
       Headbutt          |       |     5 |    32 |    83 |     7 ||   127
       Demon whip        |       |       |   144 |   300 |    43 ||   487
Invok: Heroism           |       |       |     2 |    13 |     2 ||    17
  Use: Potion            |     1 |       |     3 |     8 |     3 ||    15
       Scroll            |       |       |     3 |     5 |       ||     8
Armor: Scale mail        |       |     1 |    11 |       |       ||    12
       Chain mail        |       |       |    49 |    24 |       ||    73
       Plate armour      |       |       |       |    85 |    10 ||    95
Dodge: Dodged            |       |     4 |    41 |    60 |     7 ||   112
Block: Kite shield       |       |     9 |   102 |   112 |    14 ||   237
